 Dungeon Crawl Stone Soup version 0.25-a0-448-g1f46b9f (webtiles) character file.

Game seed: 10074614270607693699, levelgen mode: deterministic

32 Auros the Cutter (level 3, -5/25 HPs)
             Began as a Halfling Fighter on Jan 31, 2020.
             Slain by an ogre
             ... wielding a +0 giant spiked club
              (14 damage)
             ... on level 2 of the Dungeon.
             The game lasted 00:08:07 (1177 turns).

Auros the Cutter (Halfling Fighter)                 Turns: 1177, Time: 00:08:08

Health: -5/25      AC:  6    Str: 18    XL:     3   Next: 42%
Magic:  3/3        EV:  9    Int:  6    God:
Gold:   83         SH: 10    Dex: 13    Spells: 2/2 levels left

rFire    . . .     SeeInvis .   a - +0 rapier
rCold    . . .     Gourm    .   o - +1 shield {rN+}
rNeg     + . .     Faith    .   b - +0 scale mail
rPois    .         Spirit   .   (no helmet)
rElec    .         Reflect  .   (no cloak)
rCorr    .         Harm     .   (no gloves)
MR       .....                  (no boots)
Stlth    ..........             (no amulet)
HPRegen  0.08/turn              (no ring)
MPRegen  0.08/turn              (no ring)

@: no status effects
A: small, mutation resistance 1
a: no special abilities


You were on level 2 of the Dungeon.
You were not hungry.

You visited 1 branch of the dungeon, and saw 2 of its levels.

You collected 83 gold pieces.

Inventory:

Hand Weapons
 a - a +0 rapier (weapon)
Missiles
 g - 16 arrows
 k - 50 sling bullets
 n - 2 atropa-tipped darts (quivered)
Armour
 b - a +0 scale mail (worn)
 o - a +1 shield of positive energy (worn)
Scrolls
 c - a scroll of blinking {unknown}
 e - 2 scrolls of identify {unknown}
 f - 2 scrolls of teleportation {unknown}
 h - a scroll of noise {unknown}
 i - 3 scrolls of remove curse {unknown}
 p - 2 scrolls of magic mapping
 q - a scroll of enchant armour {unknown}
Potions
 d - a potion of might
 j - a potion of resistance {unknown}
 l - a potion of cancellation {unknown}
 m - 2 potions of curing {unknown}
Comestibles
 r - a chunk of flesh
 z - a ration


   Skills:
 - Level 2.6 Fighting
 + Level 4.4 Short Blades
 - Level 3.2 Armour
 - Level 3.2 Shields


You had 2 spell levels left.
You didn't know any spells.
Your spell library was empty.

Dungeon Overview and Level Annotations

Branches:
Dungeon (2/15)

Altars:


Innate Abilities, Weirdness & Mutations

You are small and have problems with some larger weapons.
You are somewhat resistant to further mutation.


Message History

You puncture the rat!
You kill the rat!
The hobgoblin hits you with a +0 club.
* * * LOW HITPOINT WARNING * * *
The frilled lizard unfolds its giant frill.
The hobgoblin hits you with a +0 club.
* * * LOW HITPOINT WARNING * * *
A ball python comes into view.
You see here 2 atropa-tipped darts.
n - 3 atropa-tipped darts (gained 2)
The hobgoblin barely misses you.
Throwing (i - inventory)
n - 3 atropa-tipped darts (quivered)
Press: ? - help, Shift-Dir - straight line, f/p - ogre
Aim: an ogre, wielding a +0 giant spiked club (chance to blind on hit: 27%)
You throw an atropa-tipped dart.
The atropa-tipped dart barely misses the ogre.
The atropa-tipped dart barely misses the frilled lizard.
The ogre hits you with a +0 giant spiked club!
Ouch! That really hurt!
You die...

#...# #.## #...#
########.## # #...#
#..........
###.##...#######.######.##
.........'w.lO............
###.##...#######.####....#
#...# #l# #.#... #...# #O#
#.##.# #.##..@#### #.#
#.O...
#......O(.####.#######.#
........gl.........(.##รท#
.........................
....S....................
............(..$.........
...........##########....
.#.........# #....
........... #....


You could see an ogre, a hobgoblin, a ball python and a frilled lizard.

Vanquished Creatures
  4 leopard geckos
  2 giant cockroaches (D:1)
  4 goblins (D:1)
  2 hobgoblins (D:1)
  7 bats (D:1)
  2 frilled lizards
  A kobold (D:1)
  5 rats
27 creatures vanquished.

Notes
Turn   | Place    | Note
-------+----------+-------------------------------------------
     0 | D:1      | Auros the Halfling Fighter began the quest for the Orb.
     0 | D:1      | Reached XP level 1. HP: 15/15 MP: 1/1
    55 | D:1      | Reached skill level 3 in Short Blades
    62 | D:1      | Reached XP level 2. HP: 16/20 MP: 2/2
   509 | D:1      | Reached skill level 4 in Short Blades
   509 | D:1      | Reached XP level 3. HP: 25/25 MP: 3/3
  1049 | D:2      | Noticed an ogre
  1177 | D:2      | Slain by an ogre

Levels and vault maps discovered:
D:1:      minmay_arrival_four_circles, layout_basic
D:2:      layout_basic, chequers_serial_rivers_large_a,
          kennysheep_okawaru_gauntlet

Skill      XL: |  1  2 |
---------------+-------+-----
Short Blades   | 3 4 |  4.4
Fighting       | |  2.6
Armour         | |  3.2
Shields        | |  3.2

Action                   || total
-------------------------++-------
Melee: Rapier            ||   107
Throw: Stone             ||     7
       Dart              ||    11
  Use: Scroll            ||     1
  Eat: Chunk             ||     1
Armor: Scale mail        ||    63
Dodge: Dodged            ||    51
Block: Shield            ||    89

Table legend:
 A = Non-vault XP
 B = Vault XP
 C = Vault XP percentage of total XP
 D = Non-vault monster count
 E = Vault monster count
 F = Vault count percentage of total count
                 A         B        C        D         E       F
            +---------+---------+-------+---------+---------+-------
      Total |      46 |       0 |   0.0 |      27 |       0 |   0.0
            +---------+---------+-------+---------+---------+-------
        D:1 |      38 |       0 |   0.0 |      23 |       0 |   0.0
        D:2 |       8 |       0 |   0.0 |       4 |       0 |   0.0
            +---------+---------+-------+---------+---------+-------
